 Dungeon Crawl Stone Soup version 0.19-a0-1107-gc676ff4 (webtiles) character file.

8467 4thArraOfDagon the Grappler (level 11, 0/97 HPs)
             Began as a Troll Arcane Marksman on Aug 9, 2016.
             Was a Priest of the Shining One.
             Succumbed to a killer bee's poison
             ... on level 11 of the Dungeon.
             The game lasted 00:15:55 (2923 turns).

4thArraOfDagon the Grappler (Troll Arcane Marksman) Turns: 2923, Time: 00:15:56

Health: 0/97       AC: 10    Str: 21    XL:     11   Next: 10%
Magic:  12/12      EV: 11    Int: 12    God:    the Shining One [***...]
Gold:   362        SH:  0    Dex:  9    Spells: 1 memorised, 11 levels left

rFire  . . .     SeeInvis .       - Unarmed
rCold  . . .     Gourm    +     u - +2 robe {Archmagi}
rNeg   + + .     Faith    .     (no shield)
rPois  .         Spirit   .     (helmet restricted)
rElec  .         Dismiss  .     k - +2 cloak
rCorr  .         Reflect  .     (gloves unavailable)
SustAt .         Harm     .     (boots unavailable)
MR     +....                    m - amulet of inaccuracy (curse)
Stlth  +.........               x - ring of protection from magic
                                q - ring of positive energy

@: lethally poisoned (0 -> -1), glowing
A: unfitting armour, claws 3, fast metabolism 3, gourmand, regeneration 2,
shaggy fur 1, tough skin 2
a: Divine Shield, Renounce Religion


You were on level 11 of the Dungeon.
You worshipped the Shining One.
The Shining One was most pleased with you.
You were not hungry.

You visited 1 branch of the dungeon, and saw 12 of its levels.
You also visited: Bailey.

You collected 374 gold pieces.
You donated 12 gold pieces to Zin.

Inventory:

Missiles
 c - 9 large rocks (quivered)
Armour
 a - a +0 robe
 j - a +0 cloak
 k - a +2 cloak (worn)
 u - a +2 robe of the Archmagi (worn)
Jewellery
 m - a cursed amulet of inaccuracy (around neck)
 q - a ring of positive energy (left claw)
 r - an uncursed ring of positive energy
 x - a ring of protection from magic (right claw)
Wands
 p - a wand of iceblast (7/15)
 s - a wand of paralysis (0/24)
 t - a wand of acid (1/15)
 w - a wand of polymorph (3/24)
Potions
 e - 3 potions of curing {unknown}
 g - 2 potions of haste
 h - 2 potions of invisibility
 i - 2 potions of flight
 n - a potion of cure mutation {unknown}
 o - a potion of brilliance {unknown}
Books
 b - a book of Debilitation

   Spells                             Type                      Level
   a - Corona                         Hexes                        1
   b - Slow                           Hexes                        2
   c - Gell's Gravitas                Hexes/Translocation          3
   d - Inner Flame                    Hexes/Fire                   3
   e - Cause Fear                     Hexes                        4
   f - Leda's Liquefaction            Hexes/Earth                  4
 v - an Akashic Record

   Spells                             Type                      Level
   a - Dispersal                      Translocation                6
   b - Malign Gateway                 Summoning/Translocation      7
   c - Disjunction                    Translocation                8
   d - Controlled Blink               Translocation                8
Comestibles
 f - 7 bread rations
 l - a meat ration


   Skills:
 + Level 3.1 Fighting
 - Level 2.0 Throwing
 + Level 3.7 Dodging
 * Level 14.7 Unarmed Combat
 - Level 1.0 Spellcasting
 - Level 2.6 Hexes
 + Level 3.3 Invocations


You had 11 spell levels left.
You knew the following spells:

 Your Spells              Type           Power        Failure   Level  Hunger
a - Corona                Hex            ##.....      12%         1    ##.....


Dungeon Overview and Level Annotations

Branches:
Dungeon (12/15)
 Temple: D:4-7         Lair: D:8-11         Orc: D:9-12

Altars:
Kikubaaqudgha
Makhleb
Nemelex Xobeh
Okawaru
Pakellas
Sif Muna
Vehumet
Yredelemnul
Zin
The Shining One


Innate Abilities, Weirdness & Mutations

You are too large for most types of armour.
You have claws for hands.
Your metabolism is lightning-fast.
You like to eat raw meat.
You heal very quickly.
You are covered in fur. (AC +1)
You have very tough skin. (AC +2)


Message History

Quiver which item? (- for none, * to show all) (? for menu, Esc to quit)
Okay, then.
Unknown command.
Unknown command.
The wolf bites you.
* * * LOW HITPOINT WARNING * * *
Quiver which item? (- for none, * to show all) (? for menu, Esc to quit)
Quivering
d - 2 throwing nets for throwing.
Throwing (i - inventory. (,) - cycle):
d - 2 throwing nets (quivered)
Press: ? - help, Shift-Dir - straight line, f/p - wolf
Aim: a wolf (haloed)
You throw a throwing net. The throwing net misses the wolf.
The wolf bites you.
* * * LOW HITPOINT WARNING * * *
The wolf bites you but does no damage.
Throwing (i - inventory. (,) - cycle):
d - a throwing net (quivered)
Press: ? - help, Shift-Dir - straight line, f/p - wolf
Aim: a wolf (haloed)
You throw a throwing net. The throwing net hits the wolf.
The wolf is caught in the net!
You die...

#########################
.......†.C....).(........
....(.##########h........
.....y##########@........
.........................
.........................
.##########...###########
.....................
................y...y
######...............
#..############# #..#


You could see a wolf (caught).

Vanquished Creatures
  A yaktaur captain (D:10)
  The ghost of Nattefrost the Basher, a novice GrBe of Trog (D:10)
  4 hill giants
  A manticore (D:10)
  A cyclops (D:10)
  Psyche (D:11)
  A gargoyle (D:10)
  2 trolls (D:11)
  10 yaks (D:10)
  A hungry ghost (D:11)
  A hippogriff (D:7)
  Menkaure (D:6)
  A steam dragon (D:10)
  An orc warrior (D:10)
  2 ice beasts
  2 ogres
  A phantom (D:4)
  2 sky beasts
  A centaur (D:5)
  3 big kobolds
  A giant frog (D:10)
  A scorpion (D:8)
  3 killer bees
  3 wights (D:10)
  A howler monkey (D:9)
  2 hounds
  A quasit (D:10)
  A giant frog skeleton (D:10)
  3 iguanas
  A hound skeleton (D:5)
  4 adders
  A shadow imp (D:9)
  An adder skeleton (D:10)
  5 worms
  3 dart slugs (D:1)
  A giant gecko (D:1)
  8 orcs
  6 bats (D:1)
  2 giant cockroaches
  6 goblins
  2 hobgoblins
  2 jackals
  A quokka (D:4)
  A giant newt (D:2)
  16 kobolds
  4 rats
  2 plants (D:7)
120 creatures vanquished.

Notes
Turn   | Place    | Note
-------+----------+-------------------------------------------
     0 | D:1      | 4thArraOfDagon the Troll Arcane Marksman began the quest for the Orb.
     0 | D:1      | Reached XP level 1. HP: 18/18 MP: 1/1
   161 | D:1      | Reached XP level 2. HP: 26/26 MP: 2/2
   353 | D:2      | Found a faded altar of an unknown god.
   365 | D:2      | Became a worshipper of Zin the Law-Giver
   365 | D:2      | Reached * piety under Zin
   448 | D:3      | Reached XP level 3. HP: 30/32 MP: 3/3
   543 | D:3      | Reached ** piety under Zin
   583 | D:4      | Reached skill level 1 in Fighting
   583 | D:4      | Reached skill level 1 in Unarmed Combat
   665 | D:2      | Reached XP level 4. HP: 38/41 MP: 4/4
   667 | D:2      | Found an iron altar of Okawaru.
   677 | D:2      | Found a basalt altar of Yredelemnul.
   679 | D:2      | Found a radiant altar of Vehumet.
   681 | D:2      | Found an oddly glowing altar of Pakellas.
   681 | D:2      | Found a deep blue altar of Sif Muna.
   683 | D:2      | Found a burning altar of Makhleb.
   683 | D:2      | Found a glowing golden altar of the Shining One.
   684 | D:2      | Found a sparkling altar of Nemelex Xobeh.
   769 | D:2      | Fell from the grace of Zin
   769 | D:2      | Became a worshipper of the Shining One
   769 | D:2      | Reached * piety under the Shining One
   801 | D:5      | Entered Level 5 of the Dungeon
   829 | D:4      | Noticed a phantom
   870 | D:4      | Killed a phantom
   870 | D:4      | Reached skill level 3 in Unarmed Combat
   870 | D:4      | Reached XP level 5. HP: 44/48 MP: 5/5
   923 | D:5      | Noticed a centaur
   934 | D:5      | Killed a centaur
   934 | D:5      | Reached skill level 4 in Unarmed Combat
   958 | D:5      | Noticed an ogre
   960 | D:5      | Killed an ogre
   960 | D:5      | Reached skill level 5 in Unarmed Combat
   960 | D:5      | Reached XP level 6. HP: 55/55 MP: 6/6
  1003 | D:5      | Noticed an ice beast
  1014 | D:5      | Killed an ice beast
  1014 | D:5      | Reached skill level 6 in Unarmed Combat
  1111 | D:5      | Reached XP level 7. HP: 59/62 MP: 7/7
  1219 | D:6      | Reached skill level 7 in Unarmed Combat
  1220 | D:6      | Found an ancient bone altar of Kikubaaqudgha.
  1221 | D:6      | Noticed Menkaure
  1233 | D:6      | Killed Menkaure
  1275 | D:7      | Noticed a hippogriff
  1282 | D:7      | Killed a hippogriff
  1282 | D:7      | Reached skill level 8 in Unarmed Combat
  1413 | D:8      | Reached XP level 8. HP: 46/70 MP: 8/8
  1470 | D:7      | Noticed a five-headed hydra
  1647 | D:9      | Noticed a hill giant
  1650 | D:9      | Noticed a troll
  1655 | D:9      | Killed a hill giant
  1655 | D:9      | Reached skill level 10 in Unarmed Combat
  1709 | D:10     | Entered Level 10 of the Dungeon
  1716 | D:10     | Found an oddly glowing altar of Pakellas.
  1716 | D:10     | Reached ** piety under the Shining One
  1750 | D:10     | Reached skill level 11 in Unarmed Combat
  1750 | D:10     | Reached XP level 9. HP: 36/76 MP: 7/9
  1853 | D:10     | Noticed a manticore
  1906 | D:10     | Noticed a hill giant
  1924 | D:10     | Killed a hill giant
  1924 | D:10     | Reached skill level 12 in Unarmed Combat
  1944 | D:10     | Noticed a hill giant
  1961 | D:10     | Killed a hill giant
  1961 | D:10     | Reached skill level 13 in Unarmed Combat
  2004 | D:10     | Found a flagged portal.
  2009 | Bailey   | Entered a bailey
  2013 | D:10     | Turgon: oh
  2020 | D:10     | Turgon: new bailey
  2038 | D:10     | Noticed a gargoyle
  2058 | D:10     | Killed a gargoyle
  2077 | D:10     | Reached XP level 10. HP: 78/84 MP: 10/10
  2109 | D:10     | Noticed Nattefrost's ghost (novice GrBe)
  2145 | D:10     | Killed Nattefrost's ghost
  2145 | D:10     | Reached skill level 14 in Unarmed Combat
  2287 | D:10     | Killed a manticore
  2287 | D:10     | Reached skill level 1 in Invocations
  2328 | D:10     | Noticed a yaktaur captain
  2336 | D:10     | Killed a yaktaur captain
  2337 | D:10     | Noticed an ice dragon
  2346 | D:10     | Turgon: lol
  2379 | D:10     | Turgon: porcupine escaped
  2442 | D:10     | Noticed a hill giant
  2447 | D:10     | Killed a hill giant
  2534 | D:10     | Noticed a cyclops
  2555 | D:10     | Killed a cyclops
  2598 | D:11     | Reached XP level 11. HP: 70/96 MP: 12/12
  2610 | D:11     | Noticed Psyche
  2616 | D:11     | Killed Psyche
  2710 | D:12     | Reached *** piety under the Shining One
  2714 | D:11     | RUP
  2877 | D:11     | HP: 3/97 [cyclops/large rock (34)]
  2921 | D:11     | HP: 3/97 [wolf (4)]
  2922 | D:11     | HP: 1/97 [wolf (3)]
  2923 | D:11     | Succumbed to a killer bee's poison

Vault maps used:
D:1:      grunt_arrival_crossed_arrows
D:2:      nicolae_overflow_crystal_walls, grunt_temple_overflow_open,
          okawaru_metal_pillars_1_2, ecumenical_altar_1
D:3:      first_bread
D:4:      grunt_temple_overflow_gold_and_silver, grunt_tough_drop, uniq_duvessa
D:5:      lemuel_doored_altar
D:6:      kiku_gazebo_garden_becter, kennysheep_generic_room_6, uniq_menkaure
D:7:      minmay_cornered_nines, serial_shops, shop_statue, serial_bayou,
          serial_bayou_pond_a, serial_bayou_lagoon_a, serial_bayou_shore_a,
          serial_bayou_pond_e, grunt_ogre_cave
D:8:      serial_shops, kennysheep_mini
D:9:      minmay_lair_entry_lava, orc_0_dummy, trog_three_pillars_becter,
          uniq_erica
D:10:     minmay_sliced_demisemicircle, enter_bailey_3, grunt_pakellas_basics
D:11:     serial_shops, shop, basic_altar, uniq_psyche
D:12:     kennysheep_generic_room_13
Bailey:   bailey_polearm_flooded_kennysheep, bailey

Skill      XL: |  1  2  3  4  5  6  7  8  9 10 11 |
---------------+----------------------------------+-----
Throwing       | 2 |  2.0
Fighting       | 1 2 3 |  3.1
Dodging        | 2 3 |  3.7
Unarmed Combat | 1 3 5 6 8 11 13 14 | 14.7
Invocations    | 3 |  3.3
Spellcasting   | |  1.0
Hexes          | |  2.6

Action                   |  1- 3 |  4- 6 |  7- 9 | 10-12 || total
-------------------------+-------+-------+-------+-------++-------
Melee: Unarmed           |    86 |    67 |   151 |   145 ||   449
       Punch             |       |       |     4 |     3 ||     7
Throw: Large rock        |       |     2 |     8 |     4 ||    14
       Throwing net      |       |       |     1 |     2 ||     3
Invok: Divine Shield     |       |       |     1 |       ||     1
Evoke: Wand              |       |       |     3 |     9 ||    12
  Use: Scroll            |       |       |     6 |     1 ||     7
       Potion            |       |       |     2 |     4 ||     6
  Eat: Chunk             |    11 |     4 |     9 |     6 ||    30
       Meat ration       |       |       |       |     1 ||     1
       Beef jerky        |       |       |       |     1 ||     1
Armor: Robe              |    46 |    20 |    24 |    50 ||   140
Dodge: Dodged            |    51 |    28 |    34 |    60 ||   173
Block: Other             |       |       |     3 |       ||     3
